 Dungeon Crawl Stone Soup version 0.27-a0-1555-g0e7b3fb1d2 (webtiles) character file.

Game seed: 13380593326196907569

98 zazu2006 the Magician (level 4, 0/37 HPs)
             Began as a Naga Hedge Wizard on July 14, 2021.
             Slain by an orc (2 damage)
             ... on level 3 of the Dungeon.
             The game lasted 00:05:00 (2779 turns).

zazu2006 the Magician (Naga Hedge Wizard)           Turns: 2779, Time: 00:05:01

Health: 0/37       AC:  3    Str: 12    XL:     4   Next: 69%
Magic:  5/10       EV:  9    Int: 16    God:
Gold:   58         SH:  0    Dex: 10    Spells: 2/11 levels left

rFire    . . .     SeeInvis +   m - +0 long sword
rCold    . . .     Faith    .   (no shield)
rNeg     + . .     Spirit   .   n - +0 leather armour
rPois    +         Reflect  .   c - +0 hat
rElec    .         Harm     .   l - +0 cloak
rCorr    .         Rampage  .   (no gloves)
Will     .....                  (no barding)
Stlth    ++........             (no amulet)
HPRegen  0.12/turn              k - ring of positive energy
MPRegen  0.12/turn              (no ring)

@: flying, very slightly contaminated, very slow
A: AC +1, large, see invisible, deformed body, poison resistance, slowness 2,
spit poison 1, naga tail 1
a: Spit Poison


You were on level 3 of the Dungeon.
You visited 1 branch of the dungeon, and saw 4 of its levels.

You collected 58 gold pieces.

Inventory:

Hand Weapons
 m - a +0 long sword (weapon)
Armour
 c - a +0 hat (worn)
 l - a +0 cloak (worn)
 n - a +0 leather armour (worn)
Jewellery
 g - a ring of fire
 k - a ring of positive energy (left hand)
Scrolls
 d - a scroll of identify {unknown}
 e - a scroll of silence {unknown}
Potions
 f - 2 potions of degeneration {unknown}
 h - a potion of flight
 i - 2 potions of brilliance {unknown}
 j - a potion of heal wounds {unknown}


   Skills:
 + Level 0.4 Fighting
 + Level 1.8 Dodging
 + Level 4.0 Stealth
 + Level 4.3 Spellcasting
 + Level 1.5 Conjurations
 + Level 1.0 Summonings
 + Level 1.0 Translocations
 + Level 0.2 Poison Magic


You had 2 spell levels left.
You knew the following spells:

 Your Spells              Type           Power      Damage    Failure   Level
a - Magic Dart            Conj           32%        1d4       11%         1
b - Mephitic Cloud        Conj/Pois/Air  5%         N/A       43%         3
c - Conjure Flame         Conj/Fire      5%         6-21      41%         3
d - Blink                 Tloc           N/A        N/A       21%         2

Your spell library contained the following spells:

 Spells                   Type           Power      Damage    Failure   Level
 Call Imp                 Summ           6%         N/A       21%         2
 Static Discharge         Conj/Air       5%         N/A       22%         2
 Slow                     Hex            3%         N/A       30%         2
 Inner Flame              Hex/Fire       3%         N/A       52%         3
 Sticky Flame             Conj/Fire      5%         2d3       83%         4
 Cause Fear               Hex            1%         N/A       90%         4
 Dispel Undead            Necr           3%         3d7       90%         4
 Discord                  Hex            1%         N/A       100%        8


Dungeon Overview and Level Annotations

Branches:
Dungeon (4/15)
 Temple: D:4-7

Altars:

Shops:
D:3 *


Innate Abilities, Weirdness & Mutations

Your serpentine skin is tough. (AC +1)
You have supernaturally acute eyesight. (SInv)
Armour fits poorly on your strangely shaped body.
Your system is resistant to poisons. (rPois)
You cover ground very slowly.
You can spit poison.
You have a snake-like lower body.


Message History

The splash of poison misses the orc.
The orc barely misses you.
You riposte.
You closely miss the orc.
Casting: Magic Dart (safe; 11% risk of failure)
Confirm with . or Enter, or press ? or * to list all spells.
The spell is quite dangerous to cast (43% risk of failure)!
Continue anyway?
Aiming: Mephitic Cloud (quite dangerous; 43% risk of failure)
Press: ? - help, Shift-Dir - straight line, f/p - orc
Aim: an orc, wielding a +0 whip and wearing a +0 leather armour (chance to affect: 96%)
You miscast Mephitic Cloud.
You are very lightly contaminated with residual magic.
Sparks fly from your hands!
* * * LOW HITPOINT WARNING * * *
The orc hits you with a +0 whip.
* * * LOW HITPOINT WARNING * * *
Unknown command.
The orc barely misses you. The orc barely misses you.
You riposte.
Your leather armour prevents you from hitting the orc.
You have got your breath back.
Press: ? - help, Shift-Dir - straight line, f/p - orc
Aim: an orc, wielding a +0 whip and wearing a +0 leather armour The splash of poison hits the orc.
The orc is poisoned.
The orc is lightly wounded.
The orc hits you with a +0 whip.
* * * LOW HITPOINT WARNING * * *
The orc hits you but does no damage.
Casting: Mephitic Cloud (quite dangerous; 43% risk of failure)
Confirm with . or Enter, or press ? or * to list all spells.
Aiming: Magic Dart (safe; 11% risk of failure)
Press: ? - help, Shift-Dir - straight line, f/p - orc
Aim: an orc, wielding a +0 whip and wearing a +0 leather armour (lightly wounded, poisoned, 100% to hit)
The magic dart hits the orc.
The orc is moderately wounded.
You have got your breath back.
The orc hits you with a +0 whip.
* * * LOW HITPOINT WARNING * * *
It was a potion of flight.
You feel very buoyant.
You fly up into the air.
The orc hits you with a +0 whip.
You die...

#.........####.##
#................
#....#<##.####.#.
#....####........
#####.#......##.#.
#....>'......+....
#.#####......##+#. #o#
##.......... #@#
####.......... #.#
#.............
#####.###.............
#.....#...............
##.####...............
#.# #...............
#.# #.....#######+##
#.# #.....# #.## #.#
#.....#######)#.


You could see an orc (poisoned).

Vanquished Creatures
  An iguana (D:3)
  2 adders (D:3)
  A worm (D:2)
  2 dart slugs
  An orc (D:3)
  5 ball pythons
  5 endoplasms
  A giant cockroach (D:2)
  4 goblins (D:1)
  2 jackals (D:3)
  5 quokkas
  6 bats
  3 frilled lizards
  5 kobolds
  4 rats
47 creatures vanquished.

Notes
Turn   | Place    | Note
-------+----------+-------------------------------------------
     0 | D:1      | zazu2006 the Naga Hedge Wizard began the quest for the Orb.
     0 | D:1      | Reached XP level 1. HP: 15/15 MP: 4/4
   273 | D:1      | Reached XP level 2. HP: 22/22 MP: 4/6
   647 | D:1      | Found a faded altar of an unknown god.
   684 | D:1      | Reached XP level 3. HP: 26/28 MP: 6/8
   688 | D:1      | Learned a level 3 spell: Mephitic Cloud
   692 | D:1      | Learned a level 3 spell: Conjure Flame
   695 | D:1      | Learned a level 2 spell: Blink
  1571 | D:3      | Reached XP level 4. HP: 22/36 MP: 3/10
  2337 | D:3      | Found Pafist's General Store.
  2779 | D:3      | Slain by an orc

Illustrated notes

Levels and vault maps discovered:
D:1:      nzn_arrival_settlement, layout_basic,
          dreamdust_ecumenical_altar_angels_and_demons
D:2:      layout_rooms, kennysheep_generic_room_5
D:3:      layout_basic, serial_shops, nicolae_square_shop
D:4:      layout_gridville, serial_shops, shop

Skill      XL: |  1  2  3  4 |
---------------+-------------+-----
Spellcasting   | 4 |  4.3
Stealth        | 4 |  4.0
Fighting       | |  0.4
Dodging        | |  1.8
Conjurations   | |  1.5
Summonings     | |  1.0
Translocations | |  1.0
Poison Magic   | |  0.2

Action                   |  1- 3 |  4- 6 || total
-------------------------+-------+-------++-------
Melee: Dagger            |    14 |       ||    14
       Long sword        |       |    10 ||    10
 Cast: Magic Dart        |    51 |    51 ||   102
       Conjure Flame     |     1 |       ||     1
       Mephitic Cloud    |     1 |       ||     1
 Abil: Spit Poison       |    10 |     5 ||    15
  Use: Potion            |       |     1 ||     1
 Stab: Sleeping          |     4 |       ||     4
       Confused          |     1 |       ||     1
Armor: Robe              |     5 |     2 ||     7
       Leather armour    |       |     4 ||     4
Dodge: Dodged            |     7 |    17 ||    24
       Rpst.: Long sword |       |     3 ||     3

Table legend: (Time is in decaauts)
 A = Elapsed time spent in this place.
 B = Non-inter-level travel time spent in this place.
 C = Inter-level travel time spent in this place.
 D = Time resting spent in this place.
 E = Time spent auto-exploring this place.
 F = Levels seen in this place.
 G = Mean time per level.
                   A        B        C        D        E       F      G
               +--------+--------+--------+--------+--------+-----+--------+
         Total |   3372 |   3245 |    127 |      3 |   2894 |   4 |  843.0 |
       Dungeon |   3372 |   3245 |    127 |      3 |   2894 |   4 |  843.0 |
               +--------+--------+--------+--------+--------+-----+--------+

Top non-repeatable levels by time:
     D:3: 1417 daAuts
     D:1: 1052 daAuts
     D:2: 816 daAuts
     D:4: 86 daAuts
